 Dungeon Crawl Stone Soup version 0.32-a0-898-g7811c86cf0 (webtiles) character file.

Game seed: 5240690132147781095

14266 pokeman the Eclecticist (level 11, 0/62 HPs)
             Began as a Deep Elf Hedge Wizard on Apr 4, 2024.
             Was a Priest of Vehumet.
             Slain by a seven-headed hydra (9 damage)
             ... on level 12 of the Dungeon.
             The game lasted 00:39:06 (13875 turns).

pokeman the Eclecticist (Deep Elf Hedge Wizard)    Turns: 13875, Time: 00:39:07

Health: 0/62       AC:  6    Str:  7    XL:     11   Next: 86%
Magic:  4/33       EV: 12    Int: 22    God:    Vehumet [***...]
Gold:   324        SH:  0    Dex: 19    Spells: 22/42 levels left

rFire   . . .        N - +6 quarterstaff "Wuyc" {venom, *Slow rElec Int-2 Dex+5}
rCold   . . .        (shield currently unavailable)
rNeg    . . .        b - +0 robe
rPois   .            c - +0 hat
rElec   +            H - +0 cloak
rCorr   .            J - +0 pair of gloves
SInv    .            C - +0 pair of boots
Will    +++..        o - amulet of regeneration
Stlth   +++          g - ring of willpower
HPRegen 1.10/turn    i - ring of willpower
MPRegen 0.23/turn

%: slow self (1%)
@: marked, very slightly contaminated
A: no striking features
a: Renounce Religion


You were on level 12 of the Dungeon.
You worshipped Vehumet.
Vehumet was most pleased with you.
You visited 2 branches of the dungeon, and saw 13 of its levels.
You also visited: Sewer.

You collected 603 gold pieces.
You spent 279 gold pieces at shops.

Inventory:

Hand Weapons
 D - a +2 short sword of draining
 N - the +6 quarterstaff "Wuyc" (weapon) {venom, *Slow rElec Int-2 Dex+5}
   (You took it off an orc wizard on level 10 of the Dungeon)

   Int-2:     It affects your intelligence (-2).
   Dex+5:     It affects your dexterity (+5).
   rElec:     It insulates you from electricity.
   *Slow:     It may slow you when you take damage.
Missiles
 L - a throwing net
Armour
 b - a +0 robe (worn)
 c - a +0 hat (worn)
 C - a +0 pair of boots (worn)
 H - a +0 cloak (worn)
 J - a +0 pair of gloves (worn)
 P - a +0 buckler
 Q - a +3 ring mail of cold resistance
Magical Staves
 F - a staff of cold
Jewellery
 g - a ring of willpower (left hand)
 i - a ring of willpower (right hand)
 o - an amulet of regeneration (around neck)
 q - a ring of wizardry
 G - a ring of ice
 I - a ring of willpower
 M - the ring of Grace {rC+ Str+4 Dex+6 Stlth-}
   (You found it on level 10 of the Dungeon)

   [ring of dexterity]

   Str+4:     It affects your strength (+4).
   Dex+6:     It affects your dexterity (+6).
   rC+:       It protects you from cold.
   Stlth-:    It makes you less stealthy.
 O - a +5 ring of evasion
Wands
 a - a wand of flame (22)
 u - a wand of polymorph (5)
 w - a wand of mindburst (25)
 x - a wand of paralysis (13)
 A - a wand of roots (18)
Scrolls
 j - 9 scrolls of teleportation
 m - a scroll of summoning
 r - 3 scrolls of poison
 v - a scroll of revelation
 y - 5 scrolls of immolation
 z - 3 scrolls of enchant weapon
 K - 2 scrolls of blinking
 R - 2 scrolls of vulnerability
 S - a scroll of amnesia
Potions
 d - 2 potions of magic
 e - 3 potions of brilliance
 f - 4 potions of heal wounds
 h - 7 potions of curing {unknown}
 k - a potion of experience {unknown}
 l - 3 potions of invisibility {unknown}
 n - 4 potions of mutation {unknown}
 p - 2 potions of lignification {unknown}
 s - 2 potions of might {unknown}
 t - a potion of enlightenment {unknown}
 B - a potion of attraction {unknown}
 E - 5 potions of degeneration {unknown}


   Skills:
 + Level 4.5 Fighting
 - Level 5.0 Armour
 - Level 3.0 Dodging
 - Level 3.0 Stealth
 * Level 16.0 Spellcasting
 + Level 9.4 Conjurations
 - Level 1.1 Summonings
 - Level 1.1 Translocations
 + Level 5.3 Ice Magic
 - Level 2.0 Air Magic
 - Level 7.0 Earth Magic
 - Level 1.0 Alchemy
 - Level 3.0 Evocations


You had 22 spell levels left.
You knew the following spells:

 Your Spells              Type           Power      Damage    Failure   Level
a - Magic Dart            Conj           100%       1d8       1%          1
b - Mephitic Cloud        Conj/Alch/Air  35%        N/A       1%          3
c - Call Imp              Summ           44%        N/A       3%          2
d - Blink                 Tloc           44%        N/A       3%          2
e - Lee's Rapid Deconstr  Erth           24%        3d13*     1%          5
f - Orb of Destruction    Conj           28%        9d9       16%         7

Your spell library contained the following spells:

 Spells                   Type           Power      Damage    Failure   Level
 Searing Ray              Conj           100%       2d8       1%          2
 Apportation              Tloc           44%        N/A       1%          1
 Sting                    Conj/Alch      100%       1d9       1%          1
 Summon Small Mammal      Summ           88%        N/A       1%          1
 Necrotise                Necr           68%        1d7       3%          1
 Slow                     Hex            68%        N/A       3%          1
 Cigotuvi's Dreadful Rot  Necr/Alch/Air  44%        N/A       3%          2
 Lesser Beckoning         Tloc           44%        N/A       3%          2
 Maxwell's Portable Pile  Tloc           22%        2d(7-20)  6%          3
 Teleport Other           Tloc           22%        N/A       6%          3
 Animate Armour           Summ/Erth      70%        N/A       6%          4
 Summon Lightning Spire   Summ/Air       24%        N/A       17%         4
 Summon Blazeheart Golem  Fire/Summ      20%        N/A       26%         4
 Spellforged Servitor     Conj/Summ      20%        N/A       58%         7


Dungeon Overview and Level Annotations

Branches:
Dungeon (12/15)            Temple (1/1) D:6            Lair (0/5) D:8
  Sewer (visited)
    Orc: D:9-12

Altars:
Ashenzari
Cheibriados
Dithmenos
Elyvilon
Fedhas
Gozag
Hepliaklqana
Kikubaaqudgha
Makhleb
Nemelex Xobeh
Okawaru
Qazlal
Ru
Sif Muna
Trog
Uskayaw
Vehumet
Wu Jian
Xom
Yredelemnul
Zin
The Shining One

Shops:
D:2 *   D:3 (   D:6 *   D:10 =*=

Annotations:
D:7 1 runed translucent door, redsdead's ghost, novice OpSh
D:12 Lodul


Message History

Casting: Lee's Rapid Deconstruction (dangerous; 5% risk of failure)
Confirm with . or Enter, or press ? or * to list all spells.
Aiming: Lee's Rapid Deconstruction (dangerous; 5% risk of failure)
Press: ? - help, Dir - move target A rock wall.
You miscast Lee's Rapid Deconstruction.
You are very lightly contaminated with residual magic.
You are caught in an explosion of flying shrapnel.
The purple ugly thing is engulfed in noxious fumes.
The purple ugly thing engulfs the troll!!
The troll is killed!
Vehumet accepts your kill.
Vehumet is now aiding your destructive spells.
The troll leather armour is intact enough to wear.
Your Spellcasting skill increases to level 16!
Unknown command.
The purple ugly thing is engulfed in noxious fumes.
Casting: Lee's Rapid Deconstruction (dangerous; 1% risk of failure)
Confirm with . or Enter, or press ? or * to list all spells.
Aiming: Lee's Rapid Deconstruction (dangerous; 1% risk of failure)
Press: ? - help, Dir - move target A rock wall.
The wall shatters!
The blast of rock fragments hits the seven-headed hydra!!
The seven-headed hydra is severely wounded.
Unknown command.
Casting: Lee's Rapid Deconstruction (dangerous; 1% risk of failure)
Confirm with . or Enter, or press ? or * to list all spells.
You don't have enough magic to cast this spell.
Unknown command.
Aiming: Mindburst
Press: ? - help, Shift-Dir - straight line, f - seven-headed hydra
Aim: a seven-headed hydra (severely wounded, chance to affect: 42%)
The seven-headed hydra resists with some effort.
The seven-headed hydra bites you! x3
* * * LOW HITPOINT WARNING * * *
The seven-headed hydra bites you.
* * * LOW HITPOINT WARNING * * *
The seven-headed hydra bites you!
You die...

...#
#..#
#..#
#..#
#u○##
☼°.
#☼#
#D#
#@#
#.#
#.#
#.#
#.#
#.#
#..
#.#


You could see a seven-headed hydra and a purple ugly thing (confused).

Vanquished Creatures
  3 two-headed ogres
  A tengu warrior (D:10)
  Urug (D:11)
  A manticore (D:9)
  4 gargoyles
  An unseen horror (D:12)
  2 kobold demonologists (D:11)
  3 trolls
  Grinder (D:5)
  4 shadows
  3 wyverns
  A wraith (D:12)
  14 yaks
  4 vampire mosquitoes (D:11)
  A steam dragon (D:10)
  Grum (D:10)
  A water moccasin (D:7)
  A sky beast (D:8)
  4 ice beasts
  3 orc warriors
  2 black bears
  8 wolves
  4 centaurs
  4 ogres
  A phantom (D:7)
  3 kobold brigands
  A bullfrog (D:8)
  4 gnoll sergeants
  2 scorpions (D:5)
  2 electric eels (D:8)
  6 howler monkeys
  A bombardier beetle (D:5)
  A quasit (Sewer)
  2 jellies
  3 hounds
  3 orc priests
  A sleepcap (D:6)
  A gnoll bouda (D:5)
  2 iguanas
  3 orc wizards (D:10)
  14 gnolls
  3 adders
  2 shadow imps (Sewer)
  3 ufetubi
  3 dart slugs
  4 ribbon worms
  25 orcs
  11 ball pythons
  9 bats
  7 endoplasms
  6 giant cockroaches
  12 hobgoblins
  6 jackals
  31 kobolds
  A quokka (D:2)
  6 frilled lizards
  10 goblins
  A kobold zombie (Sewer)
  8 rats
270 creatures vanquished.

Vanquished Creatures (collateral kills)
  A wolf (D:8)
  A bombardier beetle (D:3)
  A kobold (D:2)
3 creatures vanquished.

Grand Total: 273 creatures vanquished

Notes
Turn   | Place    | Note
-------+----------+-------------------------------------------
     0 | D:1      | pokeman the Deep Elf Hedge Wizard began the quest for the
                  | Orb.
     0 | D:1      | Reached XP level 1. HP: 10/10 MP: 7/7
   330 | D:1      | Reached XP level 2. HP: 15/15 MP: 5/9
   976 | D:1      | Reached skill level 5 in Spellcasting
  1191 | D:2      | Reached XP level 3. HP: 20/20 MP: 7/11
  1195 | D:2      | Learned a level 3 spell: Mephitic Cloud
  1198 | D:2      | Learned a level 2 spell: Call Imp
  1201 | D:2      | Learned a level 2 spell: Blink
  1670 | D:2      | Reached skill level 1 in Fighting
  2177 | D:2      | Reached skill level 1 in Armour
  2558 | D:2      | Found Yshonunlu's General Store.
  2571 | D:2      | Bought a scroll of identify for 24 gold pieces
  2571 | D:2      | Bought a scroll of identify for 24 gold pieces
  2905 | D:3      | Reached XP level 4. HP: 25/25 MP: 3/13
  3462 | D:3      | Found Rikh's Weapon Shoppe.
  3619 | D:3      | Found a faded altar of an unknown god.
  3998 | D:4      | Reached skill level 6 in Spellcasting
  3998 | D:4      | Reached XP level 5. HP: 23/29 MP: 10/15
  4025 | D:4      | Reached skill level 1 in Alchemy
  4140 | D:4      | Noticed an ogre
  4149 | D:4      | Killed an ogre
  4150 | D:4      | Reached skill level 1 in Air Magic
  4150 | D:4      | Reached XP level 6. HP: 34/34 MP: 6/17
  4586 | D:4      | Found a basalt altar of Yredelemnul.
  4586 | D:4      | Found a shadowy altar of Dithmenos.
  5010 | D:5      | Entered Level 5 of the Dungeon
  5010 | D:5      | Found a broken altar of Ashenzari.
  5294 | D:5      | Noticed Grinder
  5306 | D:5      | Reached skill level 7 in Spellcasting
  5367 | D:5      | Found a glowing drain.
  5376 | Sewer    | Entered a sewer
  5716 | Sewer    | Reached skill level 1 in Evocations
  5758 | Sewer    | Reached XP level 7. HP: 39/39 MP: 15/20
  5767 | Sewer    | Found a burning altar of Makhleb.
  6194 | D:5      | Reached skill level 8 in Spellcasting
  6197 | D:5      | Killed Grinder
  6339 | D:5      | Reached XP level 8. HP: 16/45 MP: 16/22
  6359 | D:5      | Reached skill level 9 in Spellcasting
  7119 | D:6      | Learned a level 5 spell: Lee's Rapid Deconstruction
  7122 | D:6      | Found a staircase to the Ecumenical Temple.
  7134 | D:6      | Reached skill level 5 in Conjurations
  7138 | D:6      | Reached skill level 1 in Earth Magic
  7199 | Temple   | Entered the Ecumenical Temple
  7212 | Temple   | Became a worshipper of Vehumet
  7374 | D:6      | Reached skill level 10 in Spellcasting
  7597 | D:6      | Found Wokhuy's Serpentskin Sales.
  7870 | D:7      | Reached XP level 9. HP: 52/52 MP: 6/25
  8117 | D:7      | Noticed redsdead's ghost (novice OpSh)
  8121 | D:7      | Found a runed translucent door.
  8182 | D:7      | Reached skill level 11 in Spellcasting
  8881 | D:8      | Noticed a troll
  8883 | D:8      | Noticed a two-headed ogre
  8910 | D:8      | Reached * piety under Vehumet
  8910 | D:8      | Offered knowledge of Foxfire by Vehumet.
  8911 | D:8      | Reached skill level 12 in Spellcasting
  8914 | D:8      | Killed a two-headed ogre
  8915 | D:8      | Reached XP level 10. HP: 52/56 MP: 15/28
  8917 | D:8      | Reached skill level 5 in Earth Magic
  8944 | D:8      | Reached skill level 13 in Spellcasting
  8945 | D:8      | Found a staircase to the Lair.
  9577 | D:9      | Reached skill level 1 in Ice Magic
  9745 | D:9      | Learned a level 7 spell: Orb of Destruction
 10535 | D:9      | Reached ** piety under Vehumet
 10535 | D:9      | Offered knowledge of Static Discharge by Vehumet.
 10683 | D:9      | Noticed a manticore
 10692 | D:9      | Killed a manticore
 10693 | D:9      | Reached skill level 14 in Spellcasting
 10919 | D:10     | Entered Level 10 of the Dungeon
 10980 | D:10     | Found Tuur's General Store.
 10999 | D:10     | Bought a scroll of teleportation for 42 gold pieces
 10999 | D:10     | Bought a scroll of teleportation for 42 gold pieces
 10999 | D:10     | Bought a scroll of blinking for 105 gold pieces
 10999 | D:10     | Bought a scroll of teleportation for 42 gold pieces
 11041 | D:10     | Found an ornate altar of the Wu Jian Council.
 11203 | D:10     | Noticed a tengu warrior
 11208 | D:10     | Killed a tengu warrior
 11348 | D:10     | Reached XP level 11. HP: 61/61 MP: 11/31
 11512 | D:10     | Identified the ring of Grace {rC+ Str+4 Dex+6 Stlth-}
 11526 | D:10     | Found Vuxah's Jewellery Shoppe.
 11615 | D:10     | Found Wouxtol's Jewellery Emporium.
 11799 | D:10     | Identified the +6 quarterstaff "Wuyc" {venom, *Slow rElec
                  | Int-2 Dex+5}
 11995 | D:10     | Noticed Grum
 12000 | D:10     | Killed Grum
 12344 | D:11     | Noticed Urug
 12354 | D:11     | Killed Urug
 12612 | D:11     | Noticed a two-headed ogre
 12622 | D:11     | Killed a two-headed ogre
 12623 | D:11     | Reached skill level 15 in Spellcasting
 12844 | D:11     | Offered knowledge of Searing Ray by Vehumet.
 12857 | D:11     | Noticed a two-headed ogre
 12867 | D:11     | Killed a two-headed ogre
 12868 | D:11     | Reached skill level 5 in Armour
 13639 | D:12     | Reached skill level 5 in Ice Magic
 13672 | D:12     | Noticed Lodul
 13864 | D:12     | Noticed a purple ugly thing
 13868 | D:12     | Noticed a seven-headed hydra
 13872 | D:12     | Reached *** piety under Vehumet
 13873 | D:12     | Reached skill level 16 in Spellcasting
 13875 | D:12     | Slain by a seven-headed hydra

Illustrated notes

Levels and vault maps discovered:
D:1:      co_arrival_two_rings, layout_loops_ring, minmay_close_crescents
D:2:      layout_loops_corners, serial_shops, nicolae_lakefront_shop,
          grunt_ministairs_15
D:3:      corexii_shack_village, layout_rooms,
          ebering_ecumenical_altar_petrified, serial_shops,
          nicolae_shop_bloodbath_and_beyond, chequers_mini_garden,
          minmay_misc_feat_secret_circle
D:4:      layout_basic, amethyst_overflow_temple_binary
D:5:      layout_basic, nicolae_ashenzari_skybound,
          cheibrodos_sewer_entry_sluice, uniq_grinder
D:6:      layout_rooms, minmay_temple_entry_hall, guppyfry_shop_venom
D:7:      layout_cave_pools, hellmonk_ghost_happy_afterlife
D:8:      layout_rooms, erik_lair_island
D:9:      layout_stronghold
D:10:     minmay_inner_zag, layout_irregular_city, nzn_wu_jian_contemplation,
          serial_shops, nicolae_stop_n_shop_2, nicolae_shop_just_a_little_nook,
          shop, uniq_grum
D:11:     layout_basic, uniq_urug
D:12:     layout_basic, orc_0_dummy, uniq_lodul
Temple:   nicolae_temple_bog_church

Skill      XL: |  1  2  3  4  5  6  7  8  9 10 11 |
---------------+----------------------------------+-----
Spellcasting   | 5 6 7 8 10 12 14 16 | 16.0
Fighting       | 1 2 3 4 |  4.5
Conjurations   | 2 3 4 5 7 8 9 |  9.4
Armour         | 1 2 4 5 |  5.0
Stealth        | 3 |  3.0
Dodging        | 3 |  3.0
Alchemy        | 1 |  1.0
Air Magic      | 1 2 |  2.0
Evocations     | 1 2 3 |  3.0
Earth Magic    | 2 4 6 7 |  7.0
Ice Magic      | 3 5 |  5.3
Summonings     | |  1.1
Translocations | |  1.1

Action                     |  1- 3 |  4- 6 |  7- 9 | 10-12 || total
---------------------------+-------+-------+-------+-------++-------
  Melee: Dagger            |    19 |    22 |    35 |       ||    76
         Flail             |       |       |    43 |       ||    43
         Short sword       |       |       |    23 |    89 ||   112
         Quarterstaff      |       |       |       |    33 ||    33
   Cast: Magic Dart        |   142 |   163 |   202 |    40 ||   547
         Call Imp          |     4 |     2 |     9 |     1 ||    16
         Mephitic Cloud    |     2 |     7 |    25 |    31 ||    65
         Blink             |       |       |     3 |     1 ||     4
         Lee's Rapid Decon |       |       |       |    80 ||    80
  Evoke: Wand              |       |       |     7 |     8 ||    15
    Use: Scroll            |       |       |     8 |     2 ||    10
   Stab: Confused          |     1 |     4 |     9 |    19 ||    33
         Distracted        |       |       |     1 |       ||     1
 Armour: Robe              |    22 |    30 |   126 |    76 ||   254
  Dodge: Dodged            |    19 |    32 |   122 |    64 ||   237

Table legend: (Time is in decaauts)
 A = Elapsed time spent in this place.
 B = Non-inter-level travel time spent in this place.
 C = Inter-level travel time spent in this place.
 D = Time resting spent in this place.
 E = Time spent auto-exploring this place.
 F = Levels seen in this place.
 G = Mean time per level.
                   A        B        C        D        E       F      G
               +--------+--------+--------+--------+--------+-----+--------+
         Total |  13939 |  13688 |    251 |    543 |  10874 |  14 |  995.6 |
       Dungeon |  13193 |  12966 |    227 |    463 |  10382 |  12 | 1099.4 |
        Temple |     26 |      2 |     24 |      0 |      0 |   1 |   26.0 |
         Sewer |    719 |    719 |      0 |     80 |    491 |   1 |  719.0 |
               +--------+--------+--------+--------+--------+-----+--------+

Top non-repeatable levels by time:
     D:2: 1707 daAuts
     D:9: 1542 daAuts
    D:11: 1463 daAuts
     D:5: 1374 daAuts
    D:10: 1295 daAuts
     D:1: 1172 daAuts
     D:3: 1111 daAuts
     D:7: 1036 daAuts
     D:4: 1017 daAuts
     D:6: 746 daAuts
   Sewer: 719 daAuts
     D:8: 649 daAuts
    D:12: 76 daAuts
  Temple: 26 daAuts
